Texas Stars vs Victoriaville Tigres

Created - 6 décembre 2017 at 06:00

Goals
1 2 3 OT1 SO T
Texas Stars 0 5 1 0 1 7
Victoriaville Tigres 2 2 2 0 0 6
Shots
1 2 3 OT1 SO T
Texas Stars 8 18 6 1 5 33
Victoriaville Tigres 9 21 12 2 5 44

1st period

1. Victoriaville Tigres , Charles Hudon 15 (Dillon Simpson 3, Quinton Howden 7) at 6:19
2. Victoriaville Tigres , Chris Terry 19 (Nic Petan 17) at 11:19 (PP)

Penalties :
Damir Sharipzianov (STA) for Roughing (Minor) at 11:11, Mark MacMillan (TIG) for Holding (Minor) at 18:54

2nd period

3. Texas Stars , Phil Varone 17 (Jiri Hudler 5, Craig Cunningham 8) at 1:33
4. Victoriaville Tigres , Greg McKegg 9 (Karl Stollery 12, Taylor Leier 10) at 4:41
5. Texas Stars , Michael Bournival 14 (Brooks Laich 8, Mike Sislo 6) at 5:49
6. Texas Stars , Craig Cunningham 8 (Jiri Hudler 6, Phil Varone 20) at 6:46
7. Texas Stars , Brooks Laich 9 (Ryan Murphy 8, Luke Witkowski 10) at 10:31 (PP)
8. Texas Stars , Ryan Murphy 3 (Joseph Cramarossa 9) at 12:05
9. Victoriaville Tigres , Brody Sutter 6 (Nic Petan 18, Chris Terry 12) at 15:34 (PP)

Penalties :
Quinton Howden (TIG) for Fighting (Major) at 9:57, Mike Sislo (STA) for Fighting (Major) at 9:57, Quinton Howden (TIG) for instigated a fight (Minor) at 9:57, Quinton Howden (TIG) for instigated a fight (10 Minutes Misconduct) at 9:57, Luke Witkowski (STA) for Interference (Minor) at 14:54

3rd period

10. Texas Stars , Luke Witkowski 2 (Phil Varone 21, Jiri Hudler 7) at 9:26 (PP)
11. Victoriaville Tigres , Quinton Howden 5 (Charles Hudon 11, Michal Kempny 10) at 16:26
12. Victoriaville Tigres , Nic Petan 8 (Brayden McNabb 16) at 19:01

Penalties :
Taylor Leier (TIG) for High sticking (Minor) at 9:14

Overtime #1

No Goal

Penalties :
No Penalty

Shootout

Penalty Shot by Jiri Hudler for Texas Stars - Shot Misses the Net
Penalty Shot by Nic Petan for Victoriaville Tigres - Stopped by Malcolm Subban
Penalty Shot by Phil Varone for Texas Stars - Stopped by Michael Garteig
Penalty Shot by Chris Terry for Victoriaville Tigres - Stopped by Malcolm Subban
Penalty Shot by Craig Cunningham for Texas Stars - Stopped by Michael Garteig
Penalty Shot by Charles Hudon for Victoriaville Tigres - Stopped by Malcolm Subban
Penalty Shot by Mike Sislo for Texas Stars - Stopped by Michael Garteig
Penalty Shot by Quinton Howden for Victoriaville Tigres - Stopped by Malcolm Subban
Penalty Shot by Brooks Laich for Texas Stars - Goal!
Penalty Shot by Greg McKegg for Victoriaville Tigres - Stopped by Malcolm Subban

Penalties :
No Penalty

Goalie Stats

Malcolm Subban (STA), 38 saves from 44 shots - (0,864), W, 8-11-3, 65:00 minutes
Jeff Zatkoff (TIG), 16 saves from 21 shots - (0,762), 32:05 minutes
Michael Garteig (TIG), 11 saves from 12 shots - (0,917), OTL, 7-0-1, 32:55 minutes

Players Stats for Texas Stars

Player Name              G  A  P  +/- PIM S  H  SB GA TA FO     MP     PP MP  PK MP  
------------------------------------------------------------------------------------
Alex Schoenborn          0  0  0  -1  0   0  1  0  0  1  0/0     9:13   0:00   0:00 
Brooks Laich             1  1  2   1  0   3  2  1  0  0  6/15   19:09   1:14   0:00 
Colin Blackwell          0  0  0  -1  0   0  0  0  0  0  0/0     3:29   0:17   0:00 
Craig Cunningham         1  1  2   1  0   5  2  3  0  1  0/1    22:45   1:31   0:00 
Damir Sharipzianov       0  0  0   0  2   2  1  3  1  0  0/0    28:52   1:08   0:40 
Danick Martel            0  0  0  -1  0   0  0  0  1  0  0/0     9:13   0:00   0:00 
Garnet Hathaway          0  0  0  -1  0   0  3  0  0  0  3/7    17:42   0:00   0:00 
Jacob Graves             0  0  0   1  0   0  3  0  0  1  0/0    18:20   1:08   0:00 
Jiri Hudler              0  3  3   1  0   7  1  1  0  4  12/31  26:44   1:31   0:48 
Joseph Cramarossa        0  1  1  -1  0   1  1  0  1  0  1/3     9:13   0:00   0:00 
Luke Johnson             0  0  0  -1  0   0  1  1  0  0  1/1    11:32   0:17   0:00 
Luke Witkowski           1  1  2   0  2   4  2  4  1  0  0/0    30:32   1:37   0:08 
Michael Bournival        1  0  1   1  0   5  3  1  1  0  0/0    18:35   1:14   0:00 
Michael Dal Colle        0  0  0  -1  0   1  1  0  0  1  0/0    10:20   0:00   0:00 
Mike Sislo               0  1  1   1  5   1  1  0  2  1  0/1    18:16   0:40   0:00 
Phil Varone              1  2  3   1  0   3  4  0  0  3  2/2    24:03   1:31   0:48 
Ryan Murphy              1  1  2   1  0   1  2  4  1  0  0/0    30:51   1:37   0:48 
Tobias Lindberg          0  0  0  -1  0   0  0  0  1  0  0/1    10:20   0:00   0:00 

Players Stats for Victoriaville Tigres

Player Name              G  A  P  +/- PIM S  H  SB GA TA FO     MP     PP MP  PK MP  
------------------------------------------------------------------------------------
Brayden McNabb           0  1  1  -1  0   1  5  2  1  0  0/0    28:48   0:48   1:41 
Brody Sutter             1  0  1  -1  0   1  1  0  0  0  0/0    19:14   0:48   0:00 
Charles Hudon            1  1  2   0  0   6  1  0  0  0  0/1    20:33   0:00   0:36 
Chase De Leo             0  0  0   0  0   1  0  0  0  0  2/2     6:07   0:00   0:00 
Chris Terry              1  1  2  -1  0   7  1  1  3  1  1/2    23:17   0:48   2:03 
Dillon Simpson           0  1  1   0  0   2  1  2  0  1  0/0    15:09   0:00   0:00 
Greg McKegg              1  0  1   1  0   4  4  1  0  3  4/7    14:49   0:00   0:00 
Karl Stollery            0  1  1   1  0   4  3  1  0  1  0/0    21:03   0:00   1:04 
Mark MacMillan           0  0  0   0  2   1  0  1  1  0  0/0    13:40   0:00   0:00 
Michal Kempny            0  1  1   1  0   3  0  1  1  0  0/0    21:03   0:00   1:04 
Nic Petan                1  2  3  -1  0   4  2  3  3  1  26/40  27:04   0:48   2:03 
Paul Bittner             0  0  0   0  0   1  2  0  0  0  1/2     8:45   0:00   0:06 
Quinton Howden           1  1  2   0  17  2  1  0  0  0  2/6    15:11   0:00   0:17 
Samuel Girard            0  0  0  -1  0   0  3  3  2  1  0/0    28:48   0:48   1:41 
Scott Kosmachuk          0  0  0   1  0   2  3  0  0  0  0/0    17:59   0:00   0:00 
Stefan Matteau           0  0  0   0  0   0  0  0  0  0  1/1     6:07   0:00   0:00 
Taylor Leier             0  1  1   1  2   5  2  0  0  1  0/1    14:26   0:00   0:25 
Tim Heed                 0  0  0   0  0   0  2  2  1  0  0/0    15:09   0:00   0:00 

3 Stars

1 - Phil Varone (STA)
2 - Ryan Murphy (STA)
3 - Craig Cunningham (STA)

Power Play

Texas Stars - 2 on 3 Attempt(s) - 66,67%
Victoriaville Tigres - 2 on 2 Attempt(s) - 100,00%

Penalty Kill

Texas Stars - 0 on 2 Attempt(s) - 0,00% - Score 0 goal in Penalty Kill
Victoriaville Tigres - 1 on 3 Attempt(s) - 33,33% - Score 0 goal in Penalty Kill

Team Stat

Texas Stars - Hits : 28 - Faceoff Wins : 25 - Blocked Shots : 18 - Penalty Minutes : 9
Victoriaville Tigres - Hits : 31 - Faceoff Wins : 37 - Blocked Shots : 17 - Penalty Minutes : 21

Official

Referees : Jean Hebert and Mark Lemelin
Linesman : David Brisebois and Brad Lazarowich

Game Notes

Quinton Howden and Mike Sislo fight to a draw at 9:57 of 2nd period
Michael Garteig enters game at 12:05 of 2nd period
Jacob Graves is injured at 1:21 of 3rd period (Sprained Right Finger)

Finance

Level 1 -- Attendance: 1634 (81,70%) -- Ticket Income 57 190 $
Level 2 -- Attendance: 780 (78,00%) -- Ticket Income 11 700 $
Total Attendance: 2414 (80,47%)
Total Ticket Income: 68 890 $
Other Income: 33 756 $
Total Income: 102 646 $

Texas Stars

5 vs 5 Forward 
   Center                   Left Wing                Right Wing               Time % Phy DF OF 
 1 Jiri Hudler              Phil Varone              Craig Cunningham         40     1   2  2  
 2 Brooks Laich             Michael Bournival        Mike Sislo               30     1   2  2  
 3 Garnet Hathaway          Michael Dal Colle        Tobias Lindberg          20     1   2  2  
 4 Joseph Cramarossa        Danick Martel            Alex Schoenborn          10     1   2  2  

5 vs 5 Defense 
   Defense                  Defense                                           Time % Phy DF OF 
 1 Luke Witkowski           Ryan Murphy                                       40     1   2  2  
 2 Damir Sharipzianov       Jacob Graves                                      30     1   2  2  
 3 Luke Witkowski           Ryan Murphy                                       20     1   2  2  
 4 Damir Sharipzianov       Jacob Graves                                      10     1   2  2  

PowerPlay Forward 
   Center                   Left Wing                Right Wing               Time % Phy DF OF 
 1 Jiri Hudler              Phil Varone              Craig Cunningham         60     1   2  2  
 2 Brooks Laich             Michael Bournival        Mike Sislo               40     1   2  2  

PowerPlay Defense
   Defense                  Defense                                           Time % Phy DF OF 
 1 Luke Witkowski           Ryan Murphy                                       60     1   2  2  
 2 Damir Sharipzianov       Jacob Graves                                      40     1   2  2  

Penalty Kill 4 Players Forward 
   Center                   Wing                     Time % Phy DF OF 
 1 Jiri Hudler              Phil Varone              60     1   2  2  
 2 Craig Cunningham         Mike Sislo               40     1   2  2  

Penalty Kill 4 Players Defense
   Defense                  Defense                  Time % Phy DF OF 
 1 Luke Witkowski           Ryan Murphy              60     1   2  2  
 2 Damir Sharipzianov       Jacob Graves             40     1   2  2  

Penalty Kill - 3 Players Forward 
   Forward                                           Time % Phy DF OF 
 1 Jiri Hudler                                       60     1   2  2  
 2 Phil Varone                                       40     1   2  2  

Penalty Kill - 3 Players Defense
   Defense                  Defense                  Time % Phy DF OF 
 1 Luke Witkowski           Ryan Murphy              60     1   2  2  
 2 Damir Sharipzianov       Jacob Graves             40     1   2  2  

4 vs 4 Forward 
   Center                   Wing                     Time % Phy DF OF 
 1 Jiri Hudler              Phil Varone              60     1   2  2  
 2 Craig Cunningham         Mike Sislo               40     1   2  2  

4 vs 4 Defense
   Defense                  Defense                  Time % Phy DF OF 
 1 Luke Witkowski           Ryan Murphy              60     1   2  2  
 2 Damir Sharipzianov       Jacob Graves             40     1   2  2  

Last Minutes Offensive
   Center                   Left Wing                Right Wing               Defense                  Defense                  
   Jiri Hudler              Phil Varone              Craig Cunningham         Luke Witkowski           Ryan Murphy              

Last Minutes Defensive
   Center                   Left Wing                Right Wing               Defense                  Defense                  
   Jiri Hudler              Phil Varone              Craig Cunningham         Luke Witkowski           Ryan Murphy              

Goaltenders
Starting : Malcolm Subban           
Backup : Richard Bachman          

Extra Forwards
Normal : Luke Johnson, Colin Blackwell, Garnet Hathaway - PP : Luke Johnson, Colin Blackwell - PK : Garnet Hathaway
Extra Defensemen
Normal : Luke Witkowski, Ryan Murphy, Damir Sharipzianov - PP : Luke Witkowski - PK : Ryan Murphy, Damir Sharipzianov
Penalty Shots
Jiri Hudler, Phil Varone, Craig Cunningham, Mike Sislo, Brooks Laich

Scratches
Brad Hunt (Bruised Left Shoulder Injury), Dustin Tokarski (Healthy)

Victoriaville Tigres

5 vs 5 Forward 
   Center                   Left Wing                Right Wing               Time % Phy DF OF 
 1 Nic Petan                Chris Terry              Brody Sutter             40     1   2  2  
 2 Quinton Howden           Charles Hudon            Scott Kosmachuk          30     1   2  2  
 3 Greg McKegg              Taylor Leier             Mark MacMillan           20     1   2  2  
 4 Chase De Leo             Stefan Matteau           Nic Petan                10     1   2  2  

5 vs 5 Defense 
   Defense                  Defense                                           Time % Phy DF OF 
 1 Samuel Girard            Brayden McNabb                                    40     1   2  2  
 2 Michal Kempny            Karl Stollery                                     30     1   2  2  
 3 Tim Heed                 Dillon Simpson                                    20     1   2  2  
 4 Samuel Girard            Brayden McNabb                                    10     1   2  2  

PowerPlay Forward 
   Center                   Left Wing                Right Wing               Time % Phy DF OF 
 1 Nic Petan                Chris Terry              Brody Sutter             60     1   2  2  
 2 Quinton Howden           Charles Hudon            Scott Kosmachuk          40     1   2  2  

PowerPlay Defense
   Defense                  Defense                                           Time % Phy DF OF 
 1 Samuel Girard            Brayden McNabb                                    60     1   2  2  
 2 Michal Kempny            Karl Stollery                                     40     1   2  2  

Penalty Kill 4 Players Forward 
   Center                   Wing                     Time % Phy DF OF 
 1 Nic Petan                Chris Terry              60     1   2  2  
 2 Charles Hudon            Quinton Howden           40     1   2  2  

Penalty Kill 4 Players Defense
   Defense                  Defense                  Time % Phy DF OF 
 1 Samuel Girard            Brayden McNabb           60     1   2  2  
 2 Michal Kempny            Karl Stollery            40     1   2  2  

Penalty Kill - 3 Players Forward 
   Forward                                           Time % Phy DF OF 
 1 Nic Petan                                         60     1   2  2  
 2 Chris Terry                                       40     1   2  2  

Penalty Kill - 3 Players Defense
   Defense                  Defense                  Time % Phy DF OF 
 1 Samuel Girard            Brayden McNabb           60     1   2  2  
 2 Michal Kempny            Karl Stollery            40     1   2  2  

4 vs 4 Forward 
   Center                   Wing                     Time % Phy DF OF 
 1 Nic Petan                Chris Terry              60     1   2  2  
 2 Charles Hudon            Quinton Howden           40     1   2  2  

4 vs 4 Defense
   Defense                  Defense                  Time % Phy DF OF 
 1 Samuel Girard            Brayden McNabb           60     1   2  2  
 2 Michal Kempny            Karl Stollery            40     1   2  2  

Last Minutes Offensive
   Center                   Left Wing                Right Wing               Defense                  Defense                  
   Nic Petan                Chris Terry              Brody Sutter             Samuel Girard            Brayden McNabb           

Last Minutes Defensive
   Center                   Left Wing                Right Wing               Defense                  Defense                  
   Nic Petan                Chris Terry              Brody Sutter             Samuel Girard            Brayden McNabb           

Goaltenders
Starting : Jeff Zatkoff             
Backup : Michael Garteig          

Extra Forwards
Normal : Paul Bittner, Greg McKegg, Taylor Leier - PP : Paul Bittner, Greg McKegg - PK : Taylor Leier
Extra Defensemen
Normal : Tim Heed, Dillon Simpson, Michal Kempny - PP : Tim Heed - PK : Dillon Simpson, Michal Kempny
Penalty Shots
Nic Petan, Chris Terry, Charles Hudon, Quinton Howden, Greg McKegg

Scratches
Devon Toews (Healthy), Jack Flinn (Healthy)

% Time on Ice - Texas Stars

Lines # - Real PCT - Wanted PCT - Time Play
Normal Forward
1 - 35% - 40% - 19:25
2 - 31% - 30% - 17:12
3 - 18% - 20% - 10:20
4 - 16% - 10% - 9:13
Normal Defense
1 - 33% - 40% - 18:41
2 - 38% - 30% - 21:24
3 - 11% - 20% - 6:21
4 - 17% - 10% - 9:44
PP Forward
1 - 55% - 60% - 1:31
2 - 45% - 40% - 1:14
PP Defense
1 - 59% - 60% - 1:37
2 - 41% - 40% - 1:08
PK Forward
1 - 100% - 60% - 0:48
2 - 0% - 40% - 0:00
PK Defense
1 - 100% - 60% - 0:48
2 - 0% - 40% - 0:00
PK3 Forward
1 - 0% - 60%
2 - 0% - 40%
PK3 Defense
1 - 0% - 60%
2 - 0% - 40%
44 Forward
1 - 81% - 60% - 4:04
2 - 19% - 40% - 0:56
44 Defense
1 - 10% - 60% - 0:29
2 - 90% - 40% - 4:31
Last Minute Offensive  - 0:00
Last Minute Defensive  - 0:17
Total
Forward - 65:00
Defense - 65:00

% Time on Ice - Victoriaville Tigres

Lines # - Real PCT - Wanted PCT - Time Play
Normal Forward
1 - 33% - 40% - 18:23
2 - 33% - 30% - 18:39
3 - 23% - 20% - 13:01
4 - 11% - 10% - 6:07
Normal Defense
1 - 37% - 40% - 20:50
2 - 32% - 30% - 18:08
3 - 26% - 20% - 14:29
4 - 5% - 10% - 2:43
PP Forward
1 - 100% - 60% - 0:48
2 - 0% - 40% - 0:00
PP Defense
1 - 100% - 60% - 0:48
2 - 0% - 40% - 0:00
PK Forward
1 - 78% - 60% - 2:09
2 - 22% - 40% - 0:36
PK Defense
1 - 61% - 60% - 1:41
2 - 39% - 40% - 1:04
PK3 Forward
1 - 0% - 60%
2 - 0% - 40%
PK3 Defense
1 - 0% - 60%
2 - 0% - 40%
44 Forward
1 - 73% - 60% - 3:39
2 - 27% - 40% - 1:21
44 Defense
1 - 63% - 60% - 3:09
2 - 37% - 40% - 1:51
Last Minute Offensive  - 0:17
Last Minute Defensive  - 0:00
Total
Forward - 65:00
Defense - 65:00

Play by Play

1st period


0:01 of 1st period - Nic Petan wins face-off versus Jiri Hudler in neutral zone.
0:14 of 1st period - Nic Petan is hit by Phil Varone and loses puck.
2:34 of 1st period - Off-side.
2:35 of 1st period - Nic Petan wins face-off versus Jiri Hudler in neutral zone.
2:44 of 1st period - Snap shot by Chris Terry.
2:44 of 1st period - Stopped by Malcolm Subban with a rebound.
4:00 of 1st period - Luke Johnson is hit by Brayden McNabb and loses puck.
4:22 of 1st period - Alex Schoenborn is hit by Quinton Howden and loses puck.
5:17 of 1st period - Wrist shot by Scott Kosmachuk.
5:17 of 1st period - Shot Blocked by Luke Johnson.
5:19 of 1st period - Wrist shot by Quinton Howden.
5:19 of 1st period - Shot Misses the Net.
5:27 of 1st period - Snap shot by Charles Hudon.
5:27 of 1st period - Shot Misses the Net.
5:39 of 1st period - Scott Kosmachuk is hit by Luke Johnson and loses puck.
6:15 of 1st period - Snap shot by Quinton Howden.
6:15 of 1st period - Stopped by Malcolm Subban with a rebound.
6:17 of 1st period - Slapshot by Dillon Simpson.
6:17 of 1st period - Shot Hit the Post.
6:19 of 1st period - Wrist shot by Charles Hudon.
6:19 of 1st period - Goal by Charles Hudon - Texas Stars : 0 - Victoriaville Tigres : 1.
6:20 of 1st period - Nic Petan wins face-off versus Brooks Laich in neutral zone.
6:45 of 1st period - Samuel Girard is hit by Garnet Hathaway and loses puck.
6:52 of 1st period - Wrist shot by Greg McKegg.
6:52 of 1st period - Shot Misses the Net.
6:54 of 1st period - Slapshot by Michal Kempny.
6:54 of 1st period - Stopped by Malcolm Subban with a rebound.
7:33 of 1st period - Brooks Laich is hit by Samuel Girard and loses puck.
8:13 of 1st period - Wrist shot by Craig Cunningham.
8:13 of 1st period - Shot Misses the Net.
8:15 of 1st period - Wrist shot by Phil Varone.
8:15 of 1st period - Shot Blocked by Tim Heed.
8:17 of 1st period - Slapshot by Ryan Murphy.
8:17 of 1st period - Deflect By Phil Varone.
8:17 of 1st period - Shot Blocked by Dillon Simpson.
8:17 of 1st period - Puck is out of play.
8:18 of 1st period - Nic Petan wins face-off versus Garnet Hathaway in Victoriaville Tigres zone.
9:37 of 1st period - Wrist shot by Greg McKegg.
9:37 of 1st period - Stopped by Malcolm Subban with a rebound.
9:39 of 1st period - Snap shot by Taylor Leier.
9:39 of 1st period - Shot Blocked by Luke Witkowski.
10:16 of 1st period - Taylor Leier is hit by Garnet Hathaway and loses puck.
10:43 of 1st period - Icing by Chase De Leo.
10:44 of 1st period - Chase De Leo wins face-off versus Mike Sislo in Victoriaville Tigres zone.
10:49 of 1st period - Mike Sislo is hit by Dillon Simpson and loses puck.
11:11 of 1st period - Minor Penalty to Damir Sharipzianov for Roughing.
11:12 of 1st period - Nic Petan wins face-off versus Jiri Hudler in Texas Stars zone.
11:19 of 1st period - Backhand shot by Chris Terry.
11:19 of 1st period - Goal by Chris Terry - Texas Stars : 0 - Victoriaville Tigres : 2.
11:20 of 1st period - Nic Petan wins face-off versus Jiri Hudler in neutral zone.
11:35 of 1st period - Snap shot by Jiri Hudler.
11:35 of 1st period - Shot Blocked by Brayden McNabb.
12:17 of 1st period - Off-side.
12:18 of 1st period - Nic Petan wins face-off versus Jiri Hudler in neutral zone.
12:40 of 1st period - Icing by Phil Varone.
12:41 of 1st period - Greg McKegg wins face-off versus Brooks Laich in Texas Stars zone.
12:42 of 1st period - Wrist shot by Taylor Leier.
12:42 of 1st period - Stopped by Malcolm Subban without a rebound.
12:43 of 1st period - Greg McKegg wins face-off versus Brooks Laich in Texas Stars zone.
12:44 of 1st period - Wrist shot by Taylor Leier.
12:44 of 1st period - Shot Blocked by Luke Witkowski.
13:08 of 1st period - Nic Petan is hit by Luke Witkowski and loses puck.
13:13 of 1st period - Wrist shot by Jiri Hudler.
13:13 of 1st period - Shot Misses the Net.
13:24 of 1st period - Icing by Jacob Graves.
13:25 of 1st period - Quinton Howden wins face-off versus Tobias Lindberg in Texas Stars zone.
13:55 of 1st period - Snap shot by Craig Cunningham.
13:55 of 1st period - Shot Misses the Net.
14:18 of 1st period - Off-side.
14:19 of 1st period - Brooks Laich wins face-off versus Nic Petan in neutral zone.
14:24 of 1st period - Nic Petan is hit by Ryan Murphy and loses puck.
14:31 of 1st period - Snap shot by Michael Bournival.
14:31 of 1st period - Stopped by Jeff Zatkoff with a rebound.
14:33 of 1st period - Wrist shot by Michael Bournival.
14:33 of 1st period - Shot Misses the Net.
14:35 of 1st period - Wrist shot by Mike Sislo.
14:35 of 1st period - Shot Misses the Net.
14:57 of 1st period - Wrist shot by Scott Kosmachuk.
14:57 of 1st period - Stopped by Malcolm Subban with a rebound.
15:08 of 1st period - Off-side.
15:09 of 1st period - Garnet Hathaway wins face-off versus Taylor Leier in neutral zone.
15:24 of 1st period - Snap shot by Greg McKegg.
15:24 of 1st period - Stopped by Malcolm Subban with a rebound.
16:01 of 1st period - Wrist shot by Michael Bournival.
16:01 of 1st period - Stopped by Jeff Zatkoff without a rebound.
16:02 of 1st period - Nic Petan wins face-off versus Brooks Laich in Victoriaville Tigres zone.
16:17 of 1st period - Slapshot by Nic Petan.
16:17 of 1st period - Shot Blocked by Michael Bournival.
16:27 of 1st period - Michael Bournival is hit by Samuel Girard.
16:39 of 1st period - Snap shot by Michael Bournival.
16:39 of 1st period - Stopped by Jeff Zatkoff with a rebound.
16:41 of 1st period - Snap shot by Brooks Laich.
16:41 of 1st period - Stopped by Jeff Zatkoff with a rebound.
16:43 of 1st period - Snap shot by Brooks Laich.
16:43 of 1st period - Stopped by Jeff Zatkoff without a rebound.
16:44 of 1st period - Nic Petan wins face-off versus Jiri Hudler in Victoriaville Tigres zone.
16:51 of 1st period - Snap shot by Chris Terry.
16:51 of 1st period - Shot Blocked by Craig Cunningham.
17:09 of 1st period - Phil Varone is hit by Taylor Leier and loses puck.
17:28 of 1st period - Snap shot by Craig Cunningham.
17:28 of 1st period - Shot Misses the Net.
17:30 of 1st period - Wrist shot by Jiri Hudler.
17:30 of 1st period - Stopped by Jeff Zatkoff with a rebound.
17:46 of 1st period - Snap shot by Jiri Hudler.
17:46 of 1st period - Stopped by Jeff Zatkoff with a rebound.
17:48 of 1st period - Slapshot by Damir Sharipzianov.
17:48 of 1st period - Stopped by Jeff Zatkoff without a rebound.
17:49 of 1st period - Chase De Leo wins face-off versus Brooks Laich in Victoriaville Tigres zone.
17:49 of 1st period - Chase De Leo is hit by Brooks Laich.
18:16 of 1st period - Garnet Hathaway is hit by Scott Kosmachuk and loses puck.
18:23 of 1st period - Samuel Girard is hit by Ryan Murphy and loses puck.
18:54 of 1st period - Minor Penalty to Mark MacMillan for Holding.
18:55 of 1st period - Nic Petan wins face-off versus Jiri Hudler in Victoriaville Tigres zone.
19:10 of 1st period - Craig Cunningham is hit by Brayden McNabb and loses puck.
Goals for this period are 0 for Texas Stars vs 2 for Victoriaville Tigres.
Shots for this period are 8 for Texas Stars vs 9 for Victoriaville Tigres.

2nd period


0:01 of 2nd period - Nic Petan wins face-off versus Jiri Hudler in neutral zone.
0:26 of 2nd period - Nic Petan is hit by Michael Bournival and loses puck.
0:31 of 2nd period - Snap shot by Brooks Laich.
0:31 of 2nd period - Shot Blocked by Brayden McNabb.
0:33 of 2nd period - Snap shot by Mike Sislo.
0:33 of 2nd period - Stopped by Jeff Zatkoff without a rebound.
0:34 of 2nd period - Jiri Hudler wins face-off versus Nic Petan in Victoriaville Tigres zone.
0:35 of 2nd period - Snap shot by Craig Cunningham.
0:35 of 2nd period - Shot Misses the Net.
0:37 of 2nd period - Snap shot by Phil Varone.
0:37 of 2nd period - Shot Blocked by Michal Kempny.
0:47 of 2nd period - Slapshot by Jiri Hudler.
0:47 of 2nd period - Stopped by Jeff Zatkoff with a rebound.
0:54 of 2nd period - Penalty to Mark MacMillan is over, Mark MacMillan is back on ice.
1:25 of 2nd period - Snap shot by Craig Cunningham.
1:25 of 2nd period - Deflect By Phil Varone.
1:25 of 2nd period - Stopped by Jeff Zatkoff with a rebound.
1:27 of 2nd period - Slapshot by Jiri Hudler.
1:27 of 2nd period - Stopped by Jeff Zatkoff with a rebound.
1:29 of 2nd period - Wrist shot by Jiri Hudler.
1:29 of 2nd period - Shot Hit the Post.
1:31 of 2nd period - Snap shot by Phil Varone.
1:31 of 2nd period - Shot Blocked by Karl Stollery.
1:33 of 2nd period - Snap shot by Phil Varone.
1:33 of 2nd period - Goal by Phil Varone - Texas Stars : 1 - Victoriaville Tigres : 2.
1:34 of 2nd period - Nic Petan wins face-off versus Brooks Laich in neutral zone.
1:37 of 2nd period - Luke Witkowski is hit by Chris Terry and loses puck.
2:11 of 2nd period - Snap shot by Michael Dal Colle.
2:11 of 2nd period - Shot Blocked by Mark MacMillan.
2:48 of 2nd period - Snap shot by Quinton Howden.
2:48 of 2nd period - Shot Misses the Net.
2:58 of 2nd period - Tim Heed is hit by Craig Cunningham and loses puck.
3:22 of 2nd period - Slapshot by Chris Terry.
3:22 of 2nd period - Stopped by Malcolm Subban without a rebound.
3:23 of 2nd period - Nic Petan wins face-off versus Brooks Laich in Texas Stars zone.
4:13 of 2nd period - Damir Sharipzianov is hit by Nic Petan and loses puck.
4:27 of 2nd period - Icing by Nic Petan.
4:28 of 2nd period - Greg McKegg wins face-off versus Joseph Cramarossa in Victoriaville Tigres zone.
4:35 of 2nd period - Snap shot by Greg McKegg.
4:35 of 2nd period - Shot Misses the Net.
4:37 of 2nd period - Snap shot by Karl Stollery.
4:37 of 2nd period - Stopped by Malcolm Subban with a rebound.
4:39 of 2nd period - Slapshot by Karl Stollery.
4:39 of 2nd period - Stopped by Malcolm Subban with a rebound.
4:41 of 2nd period - Wrist shot by Greg McKegg.
4:41 of 2nd period - Goal by Greg McKegg - Texas Stars : 1 - Victoriaville Tigres : 3.
4:42 of 2nd period - Nic Petan wins face-off versus Jiri Hudler in neutral zone.
5:11 of 2nd period - Wrist shot by Charles Hudon.
5:11 of 2nd period - Shot Blocked by Ryan Murphy.
5:13 of 2nd period - Snap shot by Charles Hudon.
5:13 of 2nd period - Stopped by Malcolm Subban with a rebound.
5:15 of 2nd period - Slapshot by Michal Kempny.
5:15 of 2nd period - Deflect By Ryan Murphy.
5:15 of 2nd period - Stopped by Malcolm Subban without a rebound.
5:16 of 2nd period - Jiri Hudler wins face-off versus Chris Terry in Texas Stars zone.
5:42 of 2nd period - Michael Bournival is hit by Brayden McNabb and loses puck.
5:49 of 2nd period - Wrist shot by Michael Bournival.
5:49 of 2nd period - Goal by Michael Bournival - Texas Stars : 2 - Victoriaville Tigres : 3.
5:50 of 2nd period - Chris Terry wins face-off versus Jiri Hudler in neutral zone.
6:02 of 2nd period - Icing by Ryan Murphy.
6:03 of 2nd period - Jiri Hudler wins face-off versus Nic Petan in Texas Stars zone.
6:08 of 2nd period - Snap shot by Jiri Hudler.
6:08 of 2nd period - Shot Blocked by Samuel Girard.
6:10 of 2nd period - Slapshot by Ryan Murphy.
6:10 of 2nd period - Shot Blocked by Chris Terry.
6:12 of 2nd period - Slapshot by Luke Witkowski.
6:12 of 2nd period - Stopped by Jeff Zatkoff with a rebound.
6:46 of 2nd period - Slapshot by Craig Cunningham.
6:46 of 2nd period - Goal by Craig Cunningham - Texas Stars : 3 - Victoriaville Tigres : 3.
6:47 of 2nd period - Brooks Laich wins face-off versus Quinton Howden in neutral zone.
7:14 of 2nd period - Tobias Lindberg is hit by Greg McKegg.
7:36 of 2nd period - Backhand shot by Jiri Hudler.
7:36 of 2nd period - Shot Misses the Net.
7:38 of 2nd period - Slapshot by Damir Sharipzianov.
7:38 of 2nd period - Shot Misses the Net.
8:14 of 2nd period - Snap shot by Michael Bournival.
8:14 of 2nd period - Stopped by Jeff Zatkoff without a rebound.
8:15 of 2nd period - Jiri Hudler wins face-off versus Greg McKegg in Victoriaville Tigres zone.
8:20 of 2nd period - Wrist shot by Jiri Hudler.
8:20 of 2nd period - Shot Misses the Net.
8:28 of 2nd period - Ryan Murphy is hit by Greg McKegg and loses puck.
8:57 of 2nd period - Wrist shot by Jiri Hudler.
8:57 of 2nd period - Stopped by Jeff Zatkoff with a rebound.
9:03 of 2nd period - Dillon Simpson is hit by Jacob Graves and loses puck.
9:14 of 2nd period - Nic Petan is hit by Phil Varone and loses puck.
9:38 of 2nd period - Snap shot by Chris Terry.
9:38 of 2nd period - Stopped by Malcolm Subban with a rebound.
9:40 of 2nd period - Wrist shot by Chris Terry.
9:40 of 2nd period - Shot Hit the Post.
9:42 of 2nd period - Slapshot by Karl Stollery.
9:42 of 2nd period - Stopped by Malcolm Subban without a rebound.
9:43 of 2nd period - Brooks Laich wins face-off versus Quinton Howden in Texas Stars zone.
9:56 of 2nd period - Slapshot by Karl Stollery.
9:56 of 2nd period - Shot Blocked by Ryan Murphy.
9:57 of 2nd period - Quinton Howden and Mike Sislo fight to a draw.
9:57 of 2nd period - Penalty to Quinton Howden for Fighting.
9:57 of 2nd period - Penalty to Mike Sislo for Fighting.
9:57 of 2nd period - Penalty to Quinton Howden for instigated a fight.
9:57 of 2nd period - Penalty to Quinton Howden for instigated a fight.
9:58 of 2nd period - Luke Johnson wins face-off versus Nic Petan in Texas Stars zone.
10:19 of 2nd period - Snap shot by Charles Hudon.
10:19 of 2nd period - Deflect By Taylor Leier.
10:19 of 2nd period - Stopped by Malcolm Subban with a rebound.
10:21 of 2nd period - Snap shot by Taylor Leier.
10:21 of 2nd period - Stopped by Malcolm Subban without a rebound.
10:22 of 2nd period - Brooks Laich wins face-off versus Charles Hudon in Texas Stars zone.
10:27 of 2nd period - Snap shot by Luke Witkowski.
10:27 of 2nd period - Deflect By Karl Stollery.
10:27 of 2nd period - Stopped by Jeff Zatkoff with a rebound.
10:29 of 2nd period - Snap shot by Ryan Murphy.
10:29 of 2nd period - Shot Misses the Net.
10:31 of 2nd period - Snap shot by Brooks Laich.
10:31 of 2nd period - Goal by Brooks Laich - Texas Stars : 4 - Victoriaville Tigres : 3.
10:32 of 2nd period - Nic Petan wins face-off versus Jiri Hudler in neutral zone.
10:39 of 2nd period - Wrist shot by Chris Terry.
10:39 of 2nd period - Shot Blocked by Craig Cunningham.
10:47 of 2nd period - Brody Sutter is hit by Phil Varone.
11:04 of 2nd period - Michael Bournival is hit by Brayden McNabb and loses puck.
11:25 of 2nd period - Greg McKegg is hit by Jacob Graves and loses puck.
11:48 of 2nd period - Phil Varone is hit by Karl Stollery and loses puck.
12:05 of 2nd period - Slapshot by Ryan Murphy.
12:05 of 2nd period - Goal by Ryan Murphy - Texas Stars : 5 - Victoriaville Tigres : 3.
12:05 of 2nd period - Michael Garteig enters game.
12:06 of 2nd period - Jiri Hudler wins face-off versus Nic Petan in neutral zone.
12:15 of 2nd period - Snap shot by Jiri Hudler.
12:15 of 2nd period - Shot Misses the Net.
12:17 of 2nd period - Slapshot by Craig Cunningham.
12:17 of 2nd period - Stopped by Michael Garteig without a rebound.
12:18 of 2nd period - Jiri Hudler wins face-off versus Nic Petan in Victoriaville Tigres zone.
12:23 of 2nd period - Wrist shot by Jiri Hudler.
12:23 of 2nd period - Shot Blocked by Samuel Girard.
12:25 of 2nd period - Slapshot by Luke Witkowski.
12:25 of 2nd period - Deflect By Craig Cunningham.
12:25 of 2nd period - Stopped by Michael Garteig with a rebound.
12:45 of 2nd period - Brayden McNabb is hit by Michael Bournival and loses puck.
13:44 of 2nd period - Michal Kempny is hit by Damir Sharipzianov and loses puck.
14:18 of 2nd period - Snap shot by Scott Kosmachuk.
14:18 of 2nd period - Shot Misses the Net.
14:20 of 2nd period - Slapshot by Karl Stollery.
14:20 of 2nd period - Shot Misses the Net.
14:22 of 2nd period - Slapshot by Michal Kempny.
14:22 of 2nd period - Deflect By Michael Bournival.
14:22 of 2nd period - Stopped by Malcolm Subban with a rebound.
14:24 of 2nd period - Slapshot by Michal Kempny.
14:24 of 2nd period - Shot Blocked by Luke Witkowski.
14:30 of 2nd period - Wrist shot by Charles Hudon.
14:30 of 2nd period - Stopped by Malcolm Subban with a rebound.
14:32 of 2nd period - Snap shot by Scott Kosmachuk.
14:32 of 2nd period - Shot Misses the Net.
14:34 of 2nd period - Snap shot by Karl Stollery.
14:34 of 2nd period - Shot Blocked by Brooks Laich.
14:36 of 2nd period - Slapshot by Karl Stollery.
14:36 of 2nd period - Shot Misses the Net.
14:38 of 2nd period - Wrist shot by Scott Kosmachuk.
14:38 of 2nd period - Stopped by Malcolm Subban without a rebound.
14:39 of 2nd period - Phil Varone wins face-off versus Nic Petan in Texas Stars zone.
14:51 of 2nd period - Snap shot by Nic Petan.
14:51 of 2nd period - Stopped by Malcolm Subban without a rebound.
14:52 of 2nd period - Jiri Hudler wins face-off versus Nic Petan in Texas Stars zone.
14:54 of 2nd period - Minor Penalty to Luke Witkowski for Interference.
14:55 of 2nd period - Jiri Hudler wins face-off versus Nic Petan in Texas Stars zone.
14:57 of 2nd period - Penalty to Mike Sislo is over, Mike Sislo is back on ice.
15:05 of 2nd period - Snap shot by Phil Varone.
15:05 of 2nd period - Shot Misses the Net.
15:07 of 2nd period - Slapshot by Damir Sharipzianov.
15:07 of 2nd period - Stopped by Michael Garteig with a rebound.
15:09 of 2nd period - Snap shot by Jiri Hudler.
15:09 of 2nd period - Stopped by Michael Garteig without a rebound.
15:10 of 2nd period - Nic Petan wins face-off versus Jiri Hudler in Victoriaville Tigres zone.
15:17 of 2nd period - Snap shot by Chris Terry.
15:17 of 2nd period - Deflect By Nic Petan.
15:17 of 2nd period - Shot Blocked by Ryan Murphy.
15:17 of 2nd period - Puck is out of play.
15:18 of 2nd period - Nic Petan wins face-off versus Jiri Hudler in Texas Stars zone.
15:22 of 2nd period - Wrist shot by Chris Terry.
15:22 of 2nd period - Stopped by Malcolm Subban with a rebound.
15:24 of 2nd period - Snap shot by Chris Terry.
15:24 of 2nd period - Stopped by Malcolm Subban with a rebound.
15:26 of 2nd period - Snap shot by Brayden McNabb.
15:26 of 2nd period - Shot Blocked by Damir Sharipzianov.
15:28 of 2nd period - Snap shot by Chris Terry.
15:28 of 2nd period - Deflect By Ryan Murphy.
15:28 of 2nd period - Shot Misses the Net.
15:28 of 2nd period - Puck is out of play.
15:29 of 2nd period - Nic Petan wins face-off versus Jiri Hudler in Texas Stars zone.
15:32 of 2nd period - Snap shot by Nic Petan.
15:32 of 2nd period - Stopped by Malcolm Subban with a rebound.
15:34 of 2nd period - Wrist shot by Brody Sutter.
15:34 of 2nd period - Goal by Brody Sutter - Texas Stars : 5 - Victoriaville Tigres : 4.
15:35 of 2nd period - Nic Petan wins face-off versus Jiri Hudler in neutral zone.
16:21 of 2nd period - Wrist shot by Scott Kosmachuk.
16:21 of 2nd period - Shot Misses the Net.
16:23 of 2nd period - Wrist shot by Charles Hudon.
16:23 of 2nd period - Shot Blocked by Luke Witkowski.
16:25 of 2nd period - Slapshot by Karl Stollery.
16:25 of 2nd period - Shot Misses the Net.
16:29 of 2nd period - Slapshot by Charles Hudon.
16:29 of 2nd period - Stopped by Malcolm Subban with a rebound.
16:55 of 2nd period - Stefan Matteau is hit by Michael Dal Colle and loses puck.
18:05 of 2nd period - Snap shot by Joseph Cramarossa.
18:05 of 2nd period - Stopped by Michael Garteig without a rebound.
18:06 of 2nd period - Greg McKegg wins face-off versus Joseph Cramarossa in Victoriaville Tigres zone.
18:15 of 2nd period - Tim Heed is hit by Jacob Graves.
18:49 of 2nd period - Brayden McNabb is hit by Garnet Hathaway and loses puck.
19:17 of 2nd period - Snap shot by Taylor Leier.
19:17 of 2nd period - Stopped by Malcolm Subban with a rebound.
19:19 of 2nd period - Snap shot by Dillon Simpson.
19:19 of 2nd period - Deflect By Brooks Laich.
19:19 of 2nd period - Stopped by Malcolm Subban with a rebound.
Goals for this period are 5 for Texas Stars vs 2 for Victoriaville Tigres.
Shots for this period are 18 for Texas Stars vs 21 for Victoriaville Tigres.

3rd period


0:01 of 3rd period - Nic Petan wins face-off versus Jiri Hudler in neutral zone.
0:04 of 3rd period - Luke Witkowski is hit by Brody Sutter.
0:08 of 3rd period - Wrist shot by Nic Petan.
0:08 of 3rd period - Shot Misses the Net.
0:14 of 3rd period - Slapshot by Chris Terry.
0:14 of 3rd period - Stopped by Malcolm Subban with a rebound.
0:16 of 3rd period - Slapshot by Brayden McNabb.
0:16 of 3rd period - Shot Misses the Net.
1:20 of 3rd period - Jacob Graves is hit by Tim Heed and loses puck.
1:21 of 3rd period - Jacob Graves from Texas Stars is injured at 1:21 of 3rd period (Sprained Right Finger).
1:22 of 3rd period - Nic Petan wins face-off versus Craig Cunningham in Texas Stars zone.
2:17 of 3rd period - Slapshot by Charles Hudon.
2:17 of 3rd period - Stopped by Malcolm Subban without a rebound.
2:18 of 3rd period - Jiri Hudler wins face-off versus Nic Petan in Texas Stars zone.
2:25 of 3rd period - Snap shot by Brody Sutter.
2:25 of 3rd period - Shot Misses the Net.
2:43 of 3rd period - Jiri Hudler is hit by Paul Bittner and loses puck.
3:08 of 3rd period - Mark MacMillan is hit by Jiri Hudler and loses puck.
4:07 of 3rd period - Snap shot by Taylor Leier.
4:07 of 3rd period - Shot Misses the Net.
4:31 of 3rd period - Luke Witkowski is hit by Charles Hudon and loses puck.
4:57 of 3rd period - 10 Minutes Misconduct Penalty to Quinton Howden is over.
5:00 of 3rd period - Snap shot by Michael Dal Colle.
5:00 of 3rd period - Stopped by Michael Garteig without a rebound.
5:01 of 3rd period - Joseph Cramarossa wins face-off versus Quinton Howden in Victoriaville Tigres zone.
5:10 of 3rd period - Quinton Howden is hit by Joseph Cramarossa and loses puck.
5:35 of 3rd period - Slapshot by Karl Stollery.
5:35 of 3rd period - Shot Misses the Net.
5:37 of 3rd period - Wrist shot by Greg McKegg.
5:37 of 3rd period - Stopped by Malcolm Subban with a rebound.
5:39 of 3rd period - Snap shot by Mark MacMillan.
5:39 of 3rd period - Stopped by Malcolm Subban with a rebound.
6:10 of 3rd period - Snap shot by Nic Petan.
6:10 of 3rd period - Shot Blocked by Damir Sharipzianov.
6:12 of 3rd period - Slapshot by Brayden McNabb.
6:12 of 3rd period - Deflect By Michael Bournival.
6:12 of 3rd period - Stopped by Malcolm Subban without a rebound.
6:13 of 3rd period - Nic Petan wins face-off versus Brooks Laich in Texas Stars zone.
6:22 of 3rd period - Snap shot by Brayden McNabb.
6:22 of 3rd period - Deflect By Chase De Leo.
6:22 of 3rd period - Stopped by Malcolm Subban with a rebound.
6:46 of 3rd period - Damir Sharipzianov is hit by Taylor Leier.
6:56 of 3rd period - Joseph Cramarossa is hit by Karl Stollery and loses puck.
7:19 of 3rd period - Wrist shot by Chris Terry.
7:19 of 3rd period - Shot Misses the Net.
7:21 of 3rd period - Snap shot by Brody Sutter.
7:21 of 3rd period - Shot Hit the Post.
7:35 of 3rd period - Wrist shot by Greg McKegg.
7:35 of 3rd period - Shot Blocked by Craig Cunningham.
9:14 of 3rd period - Minor Penalty to Taylor Leier for High sticking.
9:15 of 3rd period - Nic Petan wins face-off versus Jiri Hudler in Victoriaville Tigres zone.
9:15 of 3rd period - Nic Petan is hit by Craig Cunningham.
9:24 of 3rd period - Wrist shot by Phil Varone.
9:24 of 3rd period - Shot Blocked by Nic Petan.
9:26 of 3rd period - Slapshot by Luke Witkowski.
9:26 of 3rd period - Goal by Luke Witkowski - Texas Stars : 6 - Victoriaville Tigres : 4.
9:27 of 3rd period - Nic Petan wins face-off versus Jiri Hudler in neutral zone.
9:34 of 3rd period - Wrist shot by Chris Terry.
9:34 of 3rd period - Shot Blocked by Ryan Murphy.
9:36 of 3rd period - Snap shot by Nic Petan.
9:36 of 3rd period - Shot Blocked by Jiri Hudler.
9:58 of 3rd period - Slapshot by Michael Bournival.
9:58 of 3rd period - Shot Misses the Net.
10:00 of 3rd period - Slapshot by Ryan Murphy.
10:00 of 3rd period - Shot Misses the Net.
10:02 of 3rd period - Slapshot by Luke Witkowski.
10:02 of 3rd period - Stopped by Michael Garteig without a rebound.
10:03 of 3rd period - Nic Petan wins face-off versus Jiri Hudler in Victoriaville Tigres zone.
10:33 of 3rd period - Mike Sislo is hit by Scott Kosmachuk.
11:08 of 3rd period - Damir Sharipzianov is hit by Greg McKegg and loses puck.
11:41 of 3rd period - Luke Witkowski is hit by Scott Kosmachuk and loses puck.
12:20 of 3rd period - Brayden McNabb is hit by Brooks Laich and loses puck.
13:10 of 3rd period - Wrist shot by Craig Cunningham.
13:10 of 3rd period - Stopped by Michael Garteig with a rebound.
13:30 of 3rd period - Michal Kempny is hit by Alex Schoenborn and loses puck.
14:32 of 3rd period - Snap shot by Phil Varone.
14:32 of 3rd period - Deflect By Craig Cunningham.
14:32 of 3rd period - Stopped by Michael Garteig with a rebound.
14:34 of 3rd period - Snap shot by Phil Varone.
14:34 of 3rd period - Deflect By Craig Cunningham.
14:34 of 3rd period - Shot Blocked by Samuel Girard.
14:34 of 3rd period - Puck is out of play.
14:35 of 3rd period - Phil Varone wins face-off versus Quinton Howden in Victoriaville Tigres zone.
14:42 of 3rd period - Snap shot by Brooks Laich.
14:42 of 3rd period - Shot Blocked by Dillon Simpson.
14:44 of 3rd period - Slapshot by Garnet Hathaway.
14:44 of 3rd period - Deflect By Phil Varone.
14:44 of 3rd period - Shot Blocked by Tim Heed.
14:44 of 3rd period - Puck is out of play.
14:45 of 3rd period - Jiri Hudler wins face-off versus Nic Petan in Victoriaville Tigres zone.
14:46 of 3rd period - Slapshot by Phil Varone.
14:46 of 3rd period - Stopped by Michael Garteig with a rebound.
14:48 of 3rd period - Wrist shot by Phil Varone.
14:48 of 3rd period - Shot Blocked by Nic Petan.
14:58 of 3rd period - Snap shot by Nic Petan.
14:58 of 3rd period - Stopped by Malcolm Subban without a rebound.
14:59 of 3rd period - Quinton Howden wins face-off versus Garnet Hathaway in Texas Stars zone.
15:52 of 3rd period - Wrist shot by Taylor Leier.
15:52 of 3rd period - Shot Misses the Net.
15:54 of 3rd period - Snap shot by Taylor Leier.
15:54 of 3rd period - Stopped by Malcolm Subban without a rebound.
15:55 of 3rd period - Brooks Laich wins face-off versus Greg McKegg in Texas Stars zone.
16:05 of 3rd period - Mark MacMillan is hit by Luke Witkowski and loses puck.
16:24 of 3rd period - Snap shot by Charles Hudon.
16:24 of 3rd period - Shot Misses the Net.
16:26 of 3rd period - Snap shot by Quinton Howden.
16:26 of 3rd period - Deflect By Michael Dal Colle.
16:26 of 3rd period - Goal by Quinton Howden - Texas Stars : 6 - Victoriaville Tigres : 5.
16:27 of 3rd period - Nic Petan wins face-off versus Garnet Hathaway in neutral zone.
17:21 of 3rd period - Luke Witkowski is hit by Greg McKegg and loses puck.
18:07 of 3rd period - Brooks Laich is hit by Tim Heed and loses puck.
19:01 of 3rd period - Victoriaville Tigres, Michael Garteig is pulled from the net.
19:01 of 3rd period - Backhand shot by Nic Petan.
19:01 of 3rd period - Goal by Nic Petan - Texas Stars : 6 - Victoriaville Tigres : 6.
19:01 of 3rd period - Michael Garteig from Victoriaville Tigres was sent back in the game.
19:02 of 3rd period - Garnet Hathaway wins face-off versus Nic Petan in neutral zone.
19:05 of 3rd period - Snap shot by Michael Dal Colle.
19:05 of 3rd period - Shot Hit the Post.
19:13 of 3rd period - Slapshot by Karl Stollery.
19:13 of 3rd period - Stopped by Malcolm Subban without a rebound.
19:14 of 3rd period - Garnet Hathaway wins face-off versus Nic Petan in Texas Stars zone.
19:19 of 3rd period - Slapshot by Luke Witkowski.
19:19 of 3rd period - Shot Blocked by Nic Petan.
19:27 of 3rd period - Ryan Murphy is hit by Nic Petan and loses puck.
19:38 of 3rd period - Nic Petan is hit by Michael Bournival and loses puck.
19:48 of 3rd period - Icing by Luke Witkowski.
19:49 of 3rd period - Brooks Laich wins face-off versus Paul Bittner in Texas Stars zone.
19:54 of 3rd period - Snap shot by Taylor Leier.
19:54 of 3rd period - Deflect By Mike Sislo.
19:54 of 3rd period - Shot Misses the Net.
19:54 of 3rd period - Puck is out of play.
19:55 of 3rd period - Paul Bittner wins face-off versus Brooks Laich in Texas Stars zone.
19:56 of 3rd period - Snap shot by Greg McKegg.
19:56 of 3rd period - Shot Blocked by Damir Sharipzianov.
19:58 of 3rd period - Wrist shot by Paul Bittner.
19:58 of 3rd period - Stopped by Malcolm Subban without a rebound.
19:59 of 3rd period - Stefan Matteau wins face-off versus Garnet Hathaway in Texas Stars zone.
Goals for this period are 1 for Texas Stars vs 2 for Victoriaville Tigres.
Shots for this period are 6 for Texas Stars vs 12 for Victoriaville Tigres.

Overtime #1


0:01 of 1st overtime period - Jiri Hudler wins face-off versus Nic Petan in neutral zone.
0:06 of 1st overtime period - Snap shot by Jiri Hudler.
0:06 of 1st overtime period - Stopped by Michael Garteig with a rebound.
1:27 of 1st overtime period - Icing by Nic Petan.
1:28 of 1st overtime period - Jiri Hudler wins face-off versus Greg McKegg in Victoriaville Tigres zone.
1:31 of 1st overtime period - Wrist shot by Jiri Hudler.
1:31 of 1st overtime period - Shot Blocked by Greg McKegg.
1:55 of 1st overtime period - Nic Petan is hit by Mike Sislo and loses puck.
2:17 of 1st overtime period - Samuel Girard is hit by Phil Varone and loses puck.
2:51 of 1st overtime period - Luke Witkowski is hit by Karl Stollery.
3:21 of 1st overtime period - Slapshot by Charles Hudon.
3:21 of 1st overtime period - Stopped by Malcolm Subban with a rebound.
3:23 of 1st overtime period - Slapshot by Dillon Simpson.
3:23 of 1st overtime period - Stopped by Malcolm Subban with a rebound.
3:53 of 1st overtime period - Phil Varone is hit by Paul Bittner and loses puck.
4:15 of 1st overtime period - Colin Blackwell is hit by Samuel Girard.
4:47 of 1st overtime period - Jiri Hudler is hit by Brayden McNabb and loses puck.
Goals for this period are 0 for Texas Stars vs 0 for Victoriaville Tigres.
Shots for this period are 1 for Texas Stars vs 2 for Victoriaville Tigres.

ShootOut


5:00 of 1st overtime period - Penalty Shot by Jiri Hudler for Texas Stars.
5:00 of 1st overtime period - Deke by Jiri Hudler.
5:00 of 1st overtime period - Shot Misses the Net.
5:00 of 1st overtime period - Penalty Shot by Nic Petan for Victoriaville Tigres.
5:00 of 1st overtime period - Backhand shot by Nic Petan.
5:00 of 1st overtime period - Stopped by Malcolm Subban.
5:00 of 1st overtime period - Penalty Shot by Phil Varone for Texas Stars.
5:00 of 1st overtime period - Backhand shot by Phil Varone.
5:00 of 1st overtime period - Stopped by Michael Garteig.
5:00 of 1st overtime period - Penalty Shot by Chris Terry for Victoriaville Tigres.
5:00 of 1st overtime period - Snap shot by Chris Terry.
5:00 of 1st overtime period - Stopped by Malcolm Subban.
5:00 of 1st overtime period - Penalty Shot by Craig Cunningham for Texas Stars.
5:00 of 1st overtime period - Snap shot by Craig Cunningham.
5:00 of 1st overtime period - Stopped by Michael Garteig.
5:00 of 1st overtime period - Penalty Shot by Charles Hudon for Victoriaville Tigres.
5:00 of 1st overtime period - Backhand shot by Charles Hudon.
5:00 of 1st overtime period - Stopped by Malcolm Subban.
5:00 of 1st overtime period - Penalty Shot by Mike Sislo for Texas Stars.
5:00 of 1st overtime period - Backhand shot by Mike Sislo.
5:00 of 1st overtime period - Stopped by Michael Garteig.
5:00 of 1st overtime period - Penalty Shot by Quinton Howden for Victoriaville Tigres.
5:00 of 1st overtime period - Deke by Quinton Howden.
5:00 of 1st overtime period - Stopped by Malcolm Subban.
5:00 of 1st overtime period - Penalty Shot by Brooks Laich for Texas Stars.
5:00 of 1st overtime period - Deke by Brooks Laich.
5:00 of 1st overtime period - Goal by Brooks Laich.
5:00 of 1st overtime period - Penalty Shot by Greg McKegg for Victoriaville Tigres.
5:00 of 1st overtime period - Backhand shot by Greg McKegg.
5:00 of 1st overtime period - Stopped by Malcolm Subban.